 Dungeon Crawl Stone Soup version 0.25-a0-528-g6b7c99946c (webtiles) character file.

Game seed: 13820796951200386728, levelgen mode: deterministic

1706 Flugslaktarn the Cleaver (level 8, -2/74 HPs)
             Began as a Deep Dwarf Fighter on Feb 19, 2020.
             Slain by Pikel
             ... wielding a +2 whip of freezing
              (3 damage)
             ... on level 6 of the Dungeon.
             The game lasted 00:01:53 (3331 turns).

Flugslaktarn the Cleaver (Deep Dwarf Fighter)       Turns: 3331, Time: 00:01:53

Health: -2/74      AC:  0    Str: 21    XL:     8   Next: 73%
Magic:  1/1        EV: 13    Int: 10    God:
Gold:   140        SH:  0    Dex: 12    Spells: 7/7 levels left

rFire    . . .     SeeInvis .   (weapon currently unavailable)
rCold    . . .     Gourm    .   (shield currently unavailable)
rNeg     . . .     Faith    .   (armour currently unavailable)
rPois    .         Spirit   .   (helmet currently unavailable)
rElec    .         Reflect  .   (cloak currently unavailable)
rCorr    .         Harm     .   (gloves currently unavailable)
MR       +....                  (boots currently unavailable)
Stlth    +.........             (no amulet)
HPRegen  0.00/turn              (ring currently unavailable)
MPRegen  0.07/turn              (ring currently unavailable)

@: pig-form, non-regenerating, very quick
A: small, damage resistance, heal wounds, sense surroundings 1, no regeneration
a: Heal Wounds


You were on level 6 of the Dungeon.
You were hungry.
You were a filthy swine.
You visited 1 branch of the dungeon, and saw 6 of its levels.
You also visited: Ossuary.

You collected 140 gold pieces.

Inventory:

Hand Weapons
 a - a +0 war axe (melded)
Armour
 b - a +0 scale mail (melded)
 c - a +0 kite shield (melded)
 l - a +0 pair of gloves (melded)
   (You found it on level 1 of the Dungeon)
 q - a +0 pair of boots (melded)
   (You found it on level 3 of the Dungeon)
Wands
 t - a wand of acid (11)
   (You found it in an ossuary)
Scrolls
 f - 5 scrolls of identify {unknown}
 h - 2 scrolls of amnesia {unknown}
 i - 2 scrolls of remove curse {unknown}
 j - 3 scrolls of enchant weapon {unknown}
 k - 2 scrolls of blinking {unknown}
 m - a scroll of noise {unknown}
 o - 2 scrolls of fog {unknown}
 p - a scroll of magic mapping {unknown}
 r - a scroll of vulnerability {unknown}
 u - a scroll of fear {unknown}
 v - 4 scrolls of teleportation {unknown}
 w - a scroll of random uselessness {unknown}
Potions
 d - 2 potions of might
 g - a potion of mutation {unknown}
 n - 5 potions of curing {unknown}
 s - a potion of resistance {unknown}
 x - a potion of flight {unknown}
Comestibles
 e - 5 rations


   Skills:
 + Level 5.2 Fighting
 * Level 8.1 Axes
 + Level 6.4 Armour
 + Level 6.3 Shields


You had 7 spell levels left.
You didn't know any spells.
Your spell library was empty.

Dungeon Overview and Level Annotations

Branches:
Dungeon (6/15)            Ossuary (visited)
 Temple: D:4-7

Altars:
Yredelemnul

Shops:
D:5 }

Annotations:
D:6 Edmund, Pikel


Innate Abilities, Weirdness & Mutations

You are resistant to damage.
You can heal yourself by infusing magical energy.
You passively map a small area around you.
You do not regenerate.


Message History

Edmund barely misses you.
You hit the slave.
The slave is almost dead.
You barely miss the slave. You hit Pikel. You barely miss the slave.
Your shield prevents you from hitting the iguana.
You closely miss Edmund.
Pikel zaps a wand.
You turn into a filthy swine.
Your +0 war axe melds into your body.
Your +0 pair of gloves melds into your body.
Your +0 pair of boots melds into your body.
Your +0 kite shield melds into your body.
Your +0 scale mail melds into your body.
The slave hits you! x2; The slave misses you.
Edmund hits you with a +1 flail of protection!
* * * LOW HITPOINT WARNING * * *
The iguana bites you!
* * * LOW HITPOINT WARNING * * *
Pikel hits you with a +2 whip of freezing!
* * * LOW HITPOINT WARNING * * *
Pikel freezes you.
You die...

*
#......)..*
##........#
#.........#
#........#
#>.......#
#........#
##....lpK#*
#......hp#
#.....@p.#
#........#
##.......#
#.....#.#
###... ..
####*.. ..#
*


You could see Edmund, Pikel, 3 slaves and an iguana.

Vanquished Creatures
  Sigmund (D:4)
  A wraith (Ossuary)
  Duvessa (D:5)
  Purgy (D:4)
  A sky beast (D:5)
  An ice beast (D:5)
  2 ogres (D:5)
  A phantom (D:5)
  A slave (D:6)
  A centaur (D:5)
  Blork the orc (D:4)
  Dowan (D:5)
  3 wights (Ossuary)
  A crimson imp (D:5)
  A hound (D:4)
  2 jellies (D:5)
  3 iguanas
  3 worker ants
  A hound skeleton (D:4)
  A howler monkey zombie (D:5)
  6 adders
  2 river rats (D:4)
  2 adder zombies (Ossuary)
  A worm (D:4)
  3 leopard geckos
  6 orcs
  2 giant cockroaches
  5 goblins (D:1)
  2 hobgoblins (D:3)
  8 jackals
  2 kobolds (D:3)
  2 quokkas (D:5)
  2 ball pythons
  A ball python skeleton (Ossuary)
  3 frilled lizards (D:1)
  A hobgoblin zombie (Ossuary)
  A jackal skeleton (D:4)
  2 kobold zombies (Ossuary)
  A leopard gecko skeleton (D:5)
  An orc skeleton (Ossuary)
  7 rats
88 creatures vanquished.

Notes
Turn   | Place    | Note
-------+----------+-------------------------------------------
     0 | D:1      | Flugslaktarn the Deep Dwarf Fighter began the quest for the
                  | Orb.
     0 | D:1      | Reached XP level 1. HP: 20/20 MP: 1/1
   155 | D:1      | Reached XP level 2. HP: 22/27 MP: 2/2
   468 | D:2      | Found a basalt altar of Yredelemnul.
   582 | D:3      | Reached skill level 3 in Axes
   582 | D:3      | Reached XP level 3. HP: 20/34 MP: 3/3
   758 | D:4      | Found a sand-covered staircase.
   775 | Ossuary  | Entered an ossuary
   820 | Ossuary  | Reached XP level 4. HP: 34/42 MP: 4/4
   856 | Ossuary  | Reached skill level 4 in Axes
   866 | Ossuary  | Reached XP level 5. HP: 48/49 MP: 5/5
   901 | Ossuary  | Noticed a flying skull
   901 | Ossuary  | Noticed a wraith
   912 | Ossuary  | Noticed a flying skull
   931 | Ossuary  | Noticed a flying skull
   941 | Ossuary  | Noticed a wraith
   964 | Ossuary  | Killed a wraith
   964 | Ossuary  | Reached XP level 6. HP: 51/57 MP: 4/4
  1046 | D:4      | Noticed Purgy
  1059 | D:4      | Killed Purgy
  1059 | D:4      | Reached skill level 5 in Axes
  1142 | D:4      | Noticed Sigmund
  1175 | D:4      | Killed Sigmund
  1175 | D:4      | Reached skill level 5 in Armour
  1175 | D:4      | Reached skill level 5 in Shields
  1175 | D:4      | Reached XP level 7. HP: 39/64 MP: 3/3
  1565 | D:4      | Reached skill level 6 in Axes
  1861 | D:4      | Noticed Blork the orc
  1880 | D:4      | Killed Blork the orc
  1991 | D:5      | Entered Level 5 of the Dungeon
  2120 | D:5      | Noticed Dowan
  2120 | D:5      | Noticed Duvessa
  2129 | D:5      | Reached XP level 8. HP: 28/73 MP: 2/2
  2143 | D:5      | Killed Dowan
  2164 | D:5      | Killed Duvessa
  2164 | D:5      | Reached skill level 7 in Axes
  2330 | D:5      | Reached skill level 5 in Fighting
  2650 | D:5      | Reached skill level 8 in Axes
  2683 | D:5      | Found Galakuin's Gadget Shop.
  3325 | D:6      | Noticed Pikel
  3325 | D:6      | Noticed Edmund
  3331 | D:6      | HP: 1/74 [Pikel/+2 whip of freezing (7)]
  3331 | D:6      | Slain by Pikel

Levels and vault maps discovered:
D:1:      dpeg_arrival_chase, layout_loops_ring
D:2:      layout_basic, yredelemnul_altar_generic,
          chequers_ecumenical_altar_simple_redux, first_ration
D:3:      layout_loops_corners, gammafunk_temple_overflow_arena, fedhas_altar_2,
          uniq_ijyb
D:4:      layout_cave_pods, gup_sewer_entry_spiral,
          nicolae_ossuary_entry_monument, uniq_sigmund, uniq_purgy,
          uniq_blork_the_orc
D:5:      layout_layer_cave, serial_shops, shop, serial_park_tiny_1,
          uniq_duvessa
D:6:      kennysheep_big_flooded_room, layout_cave_pods, kennysheep_slug_shrine,
          minmay_temple_entry_stoned_glass, gammafunk_ghost_nasty_kobolds,
          uniq_menkaure, uniq_pikel, uniq_edmund

Skill      XL: |  1  2  3  4  5  6  7  8 |
---------------+-------------------------+-----
Fighting       | 3 4 5 |  5.2
Axes           | 3 4 5 6 8 |  8.1
Armour         | 4 5 6 |  6.4
Shields        | 4 5 6 |  6.3

Action                   |  1- 3 |  4- 6 |  7- 9 || total
-------------------------+-------+-------+-------++-------
Melee: War axe           |    95 |    95 |   213 ||   403
 Abil: Heal Wounds       |     1 |     5 |    10 ||    16
  Eat: Chunk             |       |       |     8 ||     8
Armor: Scale mail        |    47 |    45 |    86 ||   178
Dodge: Dodged            |    33 |    28 |    65 ||   126
Block: Kite shield       |    56 |    59 |   115 ||   230

Table legend:
 A = Non-vault XP
 B = Vault XP
 C = Vault XP percentage of total XP
 D = Non-vault monster count
 E = Vault monster count
 F = Vault count percentage of total count
                 A         B        C        D         E       F
            +---------+---------+-------+---------+---------+-------
      Total |    1320 |    1118 |  45.9 |      64 |      23 |  26.4
            +---------+---------+-------+---------+---------+-------
        D:1 |      23 |       0 |   0.0 |      15 |       0 |   0.0
        D:3 |      44 |       0 |   0.0 |      12 |       0 |   0.0
        D:4 |     167 |     503 |  75.1 |      13 |      10 |  43.5
        D:5 |    1086 |     221 |  16.9 |      24 |       2 |   7.7
    Ossuary |       0 |     394 | 100.0 |       0 |      11 | 100.0
            +---------+---------+-------+---------+---------+-------
